IL
SCRANTON WB RAILRIDERS @ NORFOLK TIDES
07/16/2048
 
TOP OF THE 1ST
Scranton WB RailRiders batting - Pitching for Norfolk Tides : RHP Nick Hoag
Pitching: RHP Nick Hoag
Batting: RHB Devon Utley 0-0: Called Strike
0-1: Ball
1-1: Ground out 5-3 (Groundball, 56S, EV 67.5 MPH)
Batting: LHB Aaron Joyner 0-0: Ball
1-0: Ball
2-0: Ball
3-0: Called Strike
3-1: Called Strike
3-2: SINGLE (Groundball, 5L, EV 93.1 MPH) (infield hit)
Batting: SHB Mukhtar Wa'il 0-0: Ball
1-0: Ball
Aaron Joyner steals 2nd, throwing error, E2
Aaron Joyner to third
2-0: Ball
3-0: Called Strike
3-1: Foul Ball, location: 2F
3-2: SINGLE (Line Drive, 6D, EV 95.0 MPH)
Aaron Joyner scores
Batting: SHB Ryan Buchbinder 0-0: Foul Ball, location: 2F
0-1: Ball
1-1: Called Strike
1-2: Ball
2-2: Strikes out swinging
Batting: RHB Andy Wasierski 0-0: Ball
1-0: Foul Ball, location: 2F
1-1: Called Strike
1-2: Strikes out swinging
Top of the 1st over - 1 run, 2 hits, 1 error, 1 left on base; Scranton WB 1 - Norfolk 0
BOTTOM OF THE 1ST
Norfolk Tides batting - Pitching for Scranton WB RailRiders : LHP Omar Quinones
Pitching: LHP Omar Quinones
Batting: RHB Bobby Melillo 0-0: Ground out 6-3 (Groundball, 6, EV 81.2 MPH)
Batting: RHB Mario Saez 0-0: Called Strike
0-1: Foul Ball, location: 2F
0-2: Ball
1-2: Ball
2-2: Ball
3-2: Ground out 5-3 (Groundball, 56S, EV 88.8 MPH)
Batting: RHB Bobby Scholl 0-0: Ball
1-0: Fly out, F2 (Popup, 23F, EV 88.8 MPH)
Bottom of the 1st over - 0 runs, 0 hits, 0 errors, 0 left on base; Scranton WB 1 - Norfolk 0
TOP OF THE 2ND
Scranton WB RailRiders batting - Pitching for Norfolk Tides : RHP Nick Hoag
Batting: RHB Alfredo Rodriguez 0-0: Ball
1-0: Ball
2-0: Ground out 4-3 (Groundball, 4M, EV 83.8 MPH)
Batting: LHB Jose Lebron 0-0: Called Strike
0-1: Ball
1-1: Foul Ball, location: 2F
1-2: Ball
2-2: Foul Ball, location: 2F
2-2: Ball
3-2: Fly out, F7 (Flyball, 78M, EV 90.0 MPH)
Batting: RHB Mike Plugge 0-0: Ball
1-0: Ball
2-0: Ball
3-0: Fly out, F9 (Flyball, 9, EV 88.1 MPH)
Top of the 2nd over - 0 runs, 0 hits, 0 errors, 0 left on base; Scranton WB 1 - Norfolk 0
BOTTOM OF THE 2ND
Norfolk Tides batting - Pitching for Scranton WB RailRiders : LHP Omar Quinones
Batting: RHB Ernie Weathersbee 0-0: Ball
1-0: Ball
2-0: Ball
3-0: Called Strike
3-1: Called Strike
3-2: Foul Ball, location: 2F
3-2: Strikes out swinging
Batting: SHB Brian Bentz 0-0: Ball
1-0: Ball
2-0: Foul Ball, location: 2F
2-1: Ball
3-1: Foul Ball, location: 2F
3-2: Strikes out swinging
Batting: RHB Kory Sanchez 0-0: Ball
1-0: Ground out 6-3 (Groundball, 6, EV 97.5 MPH)
Bottom of the 2nd over - 0 runs, 0 hits, 0 errors, 0 left on base; Scranton WB 1 - Norfolk 0
TOP OF THE 3RD
Scranton WB RailRiders batting - Pitching for Norfolk Tides : RHP Nick Hoag
Batting: RHB Jordan Barragan 0-0: Called Strike
0-1: Ball
1-1: Foul Ball, location: 2F
1-2: Ball
2-2: Strikes out swinging
Batting: RHB Devon Utley 0-0: Ball
1-0: Ball
2-0: Ball
3-0: Called Strike
3-1: Base on Balls
Batting: LHB Aaron Joyner 0-0: Called Strike
Devon Utley steals 2nd, throwing error, E2
Devon Utley to third
0-1: Ground out 6-3 (Groundball, P, EV 85.0 MPH)
Devon Utley scores
Batting: SHB Mukhtar Wa'il 0-0: Called Strike
0-1: Ball
1-1: Ball
2-1: Swinging Strike
2-2: Foul Ball, location: 2F
2-2: Foul Ball, location: 2F
2-2: Fly out, F7 (Flyball, 78S, EV 90.6 MPH)
Top of the 3rd over - 1 run, 0 hits, 1 error, 0 left on base; Scranton WB 2 - Norfolk 0
BOTTOM OF THE 3RD
Norfolk Tides batting - Pitching for Scranton WB RailRiders : LHP Omar Quinones
Batting: LHB Pat Shaddock 0-0: SINGLE (Groundball, 5L, EV 83.1 MPH) (infield hit)
Batting: RHB Travis Carter 0-0: SINGLE (Line Drive, 8LS, EV 90.6 MPH)
Pat Shaddock to second
Batting: LHB Tyler Allen 0-0: Ball
1-0: Fly out, F7 (Flyball, 7LS, EV 75.0 MPH)
Batting: RHB Bobby Melillo 0-0: Grounds into double play, 5-4-3 (Groundball, 56, EV 108.1 MPH)
Bottom of the 3rd over - 0 runs, 2 hits, 0 errors, 1 left on base; Scranton WB 2 - Norfolk 0
TOP OF THE 4TH
Scranton WB RailRiders batting - Pitching for Norfolk Tides : RHP Nick Hoag
Batting: SHB Ryan Buchbinder 0-0: Ball
1-0: Foul Ball, location: 2F
1-1: Ground out 5-3 (Groundball, 15, EV 89.4 MPH)
Batting: RHB Andy Wasierski 0-0: Ball
1-0: Foul Ball, location: 2F
1-1: SOLO HOME RUN (Flyball, 78XD, EV 109.4 MPH), Distance : 426 ft
Batting: RHB Alfredo Rodriguez 0-0: Called Strike
0-1: Ball
1-1: Foul Ball, location: 2F
1-2: Foul Ball, location: 2F
1-2: Ball
2-2: Ball
3-2: Fly out, F8 (Flyball, 8LD, EV 90.6 MPH)
Batting: LHB Jose Lebron 0-0: Ball
1-0: Foul Ball, location: 2F
1-1: Ball
2-1: Called Strike
2-2: Strikes out swinging
Top of the 4th over - 1 run, 1 hit, 0 errors, 0 left on base; Scranton WB 3 - Norfolk 0
BOTTOM OF THE 4TH
Norfolk Tides batting - Pitching for Scranton WB RailRiders : LHP Omar Quinones
Batting: RHB Mario Saez 0-0: Called Strike
0-1: Ground out 6-3 (Groundball, 6, EV 83.1 MPH)
Batting: RHB Bobby Scholl 0-0: Called Strike
0-1: SOLO HOME RUN (Flyball, 89XD, EV 100.0 MPH), Distance : 402 ft
Batting: RHB Ernie Weathersbee 0-0: Ball
1-0: Swinging Strike
1-1: Ball
2-1: SINGLE (Flyball, 7S, EV 90.0 MPH)
Batting: SHB Brian Bentz Pickoff Throw to First - Error! E1
Ernie Weathersbee to second
0-0: Ball
1-0: Called Strike
1-1: Fly out, F6 (Line Drive, 6, EV 70.0 MPH)
Batting: RHB Kory Sanchez 0-0: Called Strike
0-1: SINGLE (Flyball, 8LS, EV 95.0 MPH)
Ernie Weathersbee to third
Runner from 3rd tries for Home, SAFE, throw by CF to home
Batting: LHB Pat Shaddock 0-0: Called Strike
0-1: Foul Ball, location: 2F
0-2: Strikes out swinging
Bottom of the 4th over - 2 runs, 3 hits, 1 error, 1 left on base; Scranton WB 3 - Norfolk 2
TOP OF THE 5TH
Scranton WB RailRiders batting - Pitching for Norfolk Tides : RHP Nick Hoag
Batting: RHB Mike Plugge 0-0: Called Strike
0-1: Ball
1-1: Called Strike
1-2: SINGLE (Groundball, 6MD, EV 100.6 MPH)
Batting: RHB Jordan Barragan 0-0: Swinging Strike
0-1: Foul Ball, location: 2F
0-2: Ball
1-2: Foul Ball, location: 2F
1-2: Ball
2-2: DOUBLE (Groundball, 5L, EV 107.5 MPH)
Mike Plugge to third
Pitching: LHP Juan Becerra
Batting: RHB Devon Utley 0-0: Ball
1-0: Ball
2-0: Ball
3-0: Called Strike
3-1: Base on Balls
Batting: LHB Aaron Joyner 0-0: Ball
1-0: Called Strike
1-1: Ball
2-1: Ball
3-1: Foul Ball, location: 2F
3-2: Strikes out swinging
Batting: SHB Mukhtar Wa'il 0-0: Ball
1-0: Grounds into double play, 6-4-3 (Groundball, 6, EV 106.2 MPH)
Top of the 5th over - 0 runs, 2 hits, 0 errors, 2 left on base; Scranton WB 3 - Norfolk 2
BOTTOM OF THE 5TH
Norfolk Tides batting - Pitching for Scranton WB RailRiders : LHP Omar Quinones
Batting: RHB Travis Carter 0-0: Called Strike
0-1: Foul Ball, location: 2F
0-2: Ball
1-2: Ball
2-2: Ground out 1-3 (Groundball, 15, EV 70.6 MPH)
Batting: LHB Tyler Allen 0-0: Ball
1-0: Ball
2-0: Foul Ball, location: 2F
2-1: Foul Ball, location: 2F
2-2: Foul Ball, location: 2F
2-2: SINGLE (Groundball, 6S, EV 68.8 MPH) (infield hit)
Batting: RHB Bobby Melillo 0-0: Swinging Strike
0-1: Called Strike
0-2: Foul Ball, location: 2F
0-2: Strikes out swinging
Batting: RHB Mario Saez Pickoff Throw to First - Out! 1-3
Bottom of the 5th over - 0 runs, 1 hit, 0 errors, 0 left on base; Scranton WB 3 - Norfolk 2
TOP OF THE 6TH
Scranton WB RailRiders batting - Pitching for Norfolk Tides : LHP Juan Becerra
Batting: SHB Ryan Buchbinder 0-0: Called Strike
0-1: Ball
1-1: Foul Ball, location: 2F
1-2: Ball
2-2: Foul Ball, location: 2F
2-2: Foul Ball, location: 2F
2-2: Foul Ball, location: 2F
2-2: Strikes out swinging
Batting: RHB Andy Wasierski 0-0: Swinging Strike
0-1: Fly out, F2 (Popup, 2RF, EV 88.8 MPH)
Batting: RHB Alfredo Rodriguez 0-0: Swinging Strike
0-1: Ball
1-1: Swinging Strike
1-2: Ball
2-2: Ball
3-2: Foul Ball, location: 2F
3-2: Foul Ball, location: 2F
3-2: Fly out, F7 (Flyball, 7D, EV 93.8 MPH)
Top of the 6th over - 0 runs, 0 hits, 0 errors, 0 left on base; Scranton WB 3 - Norfolk 2
BOTTOM OF THE 6TH
Norfolk Tides batting - Pitching for Scranton WB RailRiders : LHP Omar Quinones
Batting: RHB Mario Saez 0-0: Called Strike
0-1: Called Strike
0-2: Ball
1-2: Ball
2-2: Ball
3-2: Ground out 5-3 (Groundball, 56S, EV 65.0 MPH)
Batting: RHB Bobby Scholl 0-0: Called Strike
0-1: SINGLE (Line Drive, 8LS, EV 112.5 MPH)
Batting: RHB Ernie Weathersbee 0-0: Called Strike
0-1: Swinging Strike
0-2: Ball
1-2: Fielders Choice at 2nd, 5-4 (Groundball, 56, EV 102.5 MPH)
Batting: SHB Brian Bentz 0-0: Called Strike
0-1: Ball
Ernie Weathersbee steals 2nd base
1-1: Ball
2-1: Ball
3-1: Swinging Strike
3-2: Strikes out swinging
Bottom of the 6th over - 0 runs, 1 hit, 0 errors, 1 left on base; Scranton WB 3 - Norfolk 2
TOP OF THE 7TH
Scranton WB RailRiders batting - Pitching for Norfolk Tides : LHP Juan Becerra
Pitching: RHP Ryan Hemmerich
Batting: LHB Jose Lebron 0-0: Called Strike
0-1: Foul Ball, location: 2F
0-2: Ball
1-2: Ball
2-2: Strikes out swinging
Batting: RHB Mike Plugge 0-0: Ball
1-0: Swinging Strike
1-1: Ball
2-1: Foul Ball, location: 2F
2-2: Ball
3-2: TRIPLE (Line Drive, 89XD, EV 107.5 MPH)
Pinch Hitting: LHB Paul Diaz 0-0: Intentional Walk
Batting: RHB Devon Utley 0-0: Ground out 5-3 (Groundball, 56S, EV 86.2 MPH)
Paul Diaz to second
Batting: LHB Aaron Joyner 0-0: Ground out 4-3 (Groundball, 4, EV 90.0 MPH)
Top of the 7th over - 0 runs, 1 hit, 0 errors, 2 left on base; Scranton WB 3 - Norfolk 2
BOTTOM OF THE 7TH
Norfolk Tides batting - Pitching for Scranton WB RailRiders : LHP Omar Quinones
Now at 2B: Paul Diaz
Now at SS: Andy Wasierski
Batting: RHB Kory Sanchez 0-0: Ball
1-0: Called Strike
1-1: Ball
2-1: Swinging Strike
2-2: Foul Ball, location: 2F
2-2: Strikes out swinging
Pitching: RHP Joe Kimbrough
Batting: LHB Pat Shaddock 0-0: Ball
1-0: Ball
2-0: TRIPLE (Flyball, 8RXD, EV 105.0 MPH)
Batting: RHB Travis Carter 0-0: Ball
1-0: Ball
2-0: Swinging Strike
2-1: Swinging Strike
2-2: Ball
3-2: Foul Ball, location: 2F
3-2: Base on Balls
Batting: LHB Tyler Allen 0-0: Ball
1-0: Called Strike
1-1: Called Strike
1-2: Ball
2-2: Foul Ball, location: 2F
2-2: Foul Ball, location: 2F
2-2: Fly out, F7 (Flyball, 78D, EV 86.9 MPH)
Runner from 3rd tags up, SCORES, throw by LF
Pinch Hitting: LHB Wes Goscinski 0-0: Ball
1-0: Ball
2-0: Ball
3-0: Base on Balls
Travis Carter to second
Batting: RHB Mario Saez 0-0: Ball
1-0: Ball
2-0: Ball
3-0: Called Strike
3-1: Base on Balls
Travis Carter to third
Wes Goscinski to second
Batting: RHB Bobby Scholl 0-0: Called Strike
0-1: Ball
1-1: Ball
2-1: Ball
3-1: Base on Balls
Travis Carter scores
Wes Goscinski to third
Mario Saez to second
Batting: RHB Ernie Weathersbee 0-0: Swinging Strike
0-1: Ball
1-1: Ball
2-1: Foul Ball, location: 2F
2-2: Ball
3-2: Strikes out swinging
Bottom of the 7th over - 2 runs, 1 hit, 0 errors, 3 left on base; Scranton WB 3 - Norfolk 4
TOP OF THE 8TH
Scranton WB RailRiders batting - Pitching for Norfolk Tides : RHP Ryan Hemmerich
Now at 3B: Andy Bridger
Batting: SHB Mukhtar Wa'il 0-0: Foul Ball, location: 2F
0-1: Ground out 2-3 (Groundball, 13S, EV 70.0 MPH)
Batting: SHB Ryan Buchbinder 0-0: Ball
1-0: Ball
2-0: Called Strike
2-1: Foul Ball, location: 2F
2-2: Strikes out swinging
Batting: RHB Andy Wasierski 0-0: Ball
1-0: Foul Ball, location: 2F
1-1: Foul Ball, location: 2F
1-2: Ball
2-2: Strikes out swinging
Top of the 8th over - 0 runs, 0 hits, 0 errors, 0 left on base; Scranton WB 3 - Norfolk 4
BOTTOM OF THE 8TH
Norfolk Tides batting - Pitching for Scranton WB RailRiders : RHP Joe Kimbrough
Pitching: RHP Jim Milch
Batting: SHB Brian Bentz 0-0: Ball
1-0: Foul Ball, location: 2F
1-1: Ground out 4-3 (Groundball, 4, EV 80.6 MPH)
Batting: RHB Kory Sanchez 0-0: Ground out U3 (Groundball, 3, EV 86.2 MPH)
Batting: LHB Pat Shaddock 0-0: Foul Ball, location: 2F
0-1: Foul Ball, location: 2F
0-2: Strikes out swinging
Bottom of the 8th over - 0 runs, 0 hits, 0 errors, 0 left on base; Scranton WB 3 - Norfolk 4
TOP OF THE 9TH
Scranton WB RailRiders batting - Pitching for Norfolk Tides : RHP Ryan Hemmerich
Pitching: RHP Roger Warren
Now in RF: James Betron
Batting: RHB Alfredo Rodriguez 0-0: Ball
1-0: Ball
2-0: Called Strike
2-1: Fly out, F9 (Flyball, 9, EV 96.9 MPH)
Batting: LHB Jose Lebron 0-0: Called Strike
0-1: Called Strike
0-2: Ball
1-2: SOLO HOME RUN (Flyball, 9D, EV 94.4 MPH), Distance : 362 ft
Batting: RHB Mike Plugge 0-0: Foul Ball, location: 2F
0-1: Called Strike
0-2: Ball
1-2: Strikes out swinging
Batting: LHB Paul Diaz 0-0: Called Strike
0-1: Foul Ball, location: 2F
0-2: Ball
1-2: Foul Ball, location: 2F
1-2: Ball
2-2: Strikes out swinging
Top of the 9th over - 1 run, 1 hit, 0 errors, 0 left on base; Scranton WB 4 - Norfolk 4
BOTTOM OF THE 9TH
Norfolk Tides batting - Pitching for Scranton WB RailRiders : RHP Jim Milch
Pinch Hitting: LHB Jose Chinchilla 0-0: Called Strike
0-1: Ball
1-1: Swinging Strike
1-2: Ground out U3 (Groundball, 23, EV 82.5 MPH)
Batting: LHB Tyler Allen 0-0: Ball
1-0: Reached on error, E3 (Groundball, 34, EV 91.2 MPH)
Pinch Hitting: SHB Ben Pierce 0-0: Ball
Tyler Allen steals 2nd base
1-0: Intentional Walk
Batting: LHB James Betron 0-0: Called Strike
0-1: Ball
1-1: Ball
2-1: Ball
3-1: Bunted foul
3-2: Strikes out swinging
Batting: RHB Bobby Scholl 0-0: Called Strike
0-1: Ball
1-1: Foul Ball, location: 2F
1-2: Strikes out swinging
Bottom of the 9th over - 0 runs, 0 hits, 1 error, 2 left on base; Scranton WB 4 - Norfolk 4
TOP OF THE 10TH
Scranton WB RailRiders batting - Pitching for Norfolk Tides : RHP Roger Warren
Now at 2B: Jose Chinchilla
Now at 3B: Andrew Korman
Batting: RHB Devon Utley 0-0: Ball
1-0: Ground out 6-3 (Groundball, 6MS, EV 78.1 MPH)
Batting: LHB Aaron Joyner 0-0: Called Strike
0-1: Ball
1-1: Foul Ball, location: 2F
1-2: Strikes out swinging
Batting: SHB Mukhtar Wa'il 0-0: Swinging Strike
0-1: Foul Ball, location: 2F
0-2: Foul Ball, location: 2F
0-2: Ball
1-2: Ball
2-2: Foul Ball, location: 2F
2-2: Strikes out looking
Top of the 10th over - 0 runs, 0 hits, 0 errors, 0 left on base; Scranton WB 4 - Norfolk 4
BOTTOM OF THE 10TH
Norfolk Tides batting - Pitching for Scranton WB RailRiders : RHP Jim Milch
Pitching: RHP Mark Stafford
Batting: RHB Ernie Weathersbee 0-0: Called Strike
0-1: Ball
1-1: Called Strike
1-2: Foul Ball, location: 2F
1-2: Strikes out swinging
Batting: SHB Brian Bentz 0-0: Ball
1-0: SINGLE (Groundball, 34D, EV 95.0 MPH)
Batting: RHB Kory Sanchez 0-0: Foul Ball, location: 2F
0-1: Fly out, F8 (Flyball, 8RD, EV 98.8 MPH)
Batting: LHB Pat Shaddock 0-0: Ball
1-0: Ball
2-0: Foul Ball, location: 2F
2-1: Fly out, F8 (Flyball, 8RXD, EV 91.9 MPH)
Bottom of the 10th over - 0 runs, 1 hit, 0 errors, 1 left on base; Scranton WB 4 - Norfolk 4
TOP OF THE 11TH
Scranton WB RailRiders batting - Pitching for Norfolk Tides : RHP Roger Warren
Batting: SHB Ryan Buchbinder 0-0: Ball
1-0: Foul Ball, location: 2F
1-1: Ball
2-1: Ground out 5-3 (Groundball, 5, EV 86.9 MPH)
Batting: RHB Andy Wasierski 0-0: Called Strike
0-1: Swinging Strike
0-2: Ball
1-2: Ball
2-2: Fly out, F9 (Flyball, 89M, EV 90.0 MPH)
Batting: RHB Alfredo Rodriguez 0-0: Ball
1-0: Fly out, F7 (Flyball, 7D, EV 86.2 MPH)
Top of the 11th over - 0 runs, 0 hits, 0 errors, 0 left on base; Scranton WB 4 - Norfolk 4
BOTTOM OF THE 11TH
Norfolk Tides batting - Pitching for Scranton WB RailRiders : RHP Mark Stafford
Batting: LHB Jose Chinchilla 0-0: Ball
1-0: SINGLE (Groundball, 4MD, EV 94.4 MPH)
Batting: LHB Tyler Allen 0-0: Ball
Jose Chinchilla steals 2nd base
1-0: SINGLE (Groundball, 25, EV 66.2 MPH) (infield hit)
Jose Chinchilla to third
Batting: RHB Andrew Korman 0-0: Ball
Tyler Allen steals 2nd base (no throw)
1-0: Foul Ball, location: 2F
1-1: Called Strike
1-2: Strikes out swinging
Batting: LHB James Betron 0-0: Foul Ball, location: 2F
0-1: Fly out, F5 (Popup, 56D, EV 73.1 MPH)
Batting: RHB Bobby Scholl 0-0: Swinging Strike
0-1: Swinging Strike
0-2: Ball
1-2: Ball
2-2: Strikes out looking
Bottom of the 11th over - 0 runs, 2 hits, 0 errors, 2 left on base; Scranton WB 4 - Norfolk 4
TOP OF THE 12TH
Scranton WB RailRiders batting - Pitching for Norfolk Tides : RHP Roger Warren
Pitching: RHP Aaron Schneider
Batting: LHB Jose Lebron 0-0: Ball
1-0: Called Strike
1-1: Ball
2-1: Foul Ball, location: 2F
2-2: Strikes out swinging
Pinch Hitting: LHB Dan Morris 0-0: Foul Ball, location: 2F
0-1: Foul Ball, location: 2F
0-2: Strikes out swinging
Batting: LHB Paul Diaz 0-0: Foul Ball, location: 2F
0-1: Ball
1-1: Called Strike
1-2: Foul Ball, location: 2F
1-2: Strikes out looking
Top of the 12th over - 0 runs, 0 hits, 0 errors, 0 left on base; Scranton WB 4 - Norfolk 4
BOTTOM OF THE 12TH
Norfolk Tides batting - Pitching for Scranton WB RailRiders : RHP Mark Stafford
Now at C: Dan Morris
Now at 3B: Alfredo Rodriguez
Batting: RHB Ernie Weathersbee 0-0: Called Strike
0-1: Ball
1-1: Ground out 6-3 (Groundball, 6, EV 88.8 MPH)
Batting: SHB Brian Bentz 0-0: Ball
1-0: Foul Ball, location: 2F
1-1: Ball
2-1: Foul Ball, location: 2F
2-2: SINGLE (Groundball, 4S, EV 64.4 MPH) (infield hit)
Pitching: LHP Ramon Escobedo
Batting: RHB Kory Sanchez 0-0: Called Strike
0-1: SINGLE (Line Drive, 3D, EV 95.0 MPH)
Brian Bentz to second
Pinch Hitting: RHB Ashton Holloway 0-0: Ball
1-0: SINGLE (Groundball, 4MD, EV 94.4 MPH)
Brian Bentz to third
Kory Sanchez to second
Runner from 3rd tries for Home, SAFE, throw by CF to home
Bottom of the 12th over - 1 run, 3 hits, 0 errors, 2 left on base; Scranton WB 4 - Norfolk 5
Tuesday, March 28th , 2023 - OOTP Baseball 23.10 Build 110